 Dungeon Crawl Stone Soup version 0.29.0-4-gdea44cf6ec (webtiles) character file.

Game seed: 13860003529536822430

178 RascalDebosk the Shield-Bearer (level 5, -2/53 HPs)
             Began as a Troll Fighter on Aug 27, 2022.
             Slain by an orc
             ... wielding a +0 flail
              (3 damage)
             ... on level 3 of the Dungeon.
             The game lasted 00:19:42 (1654 turns).

RascalDebosk the Shield-Bearer (Troll Fighter)      Turns: 1654, Time: 00:19:43

Health: -2/53      AC:  4    Str: 24    XL:     5   Next: 32%
Magic:  4/4        EV:  9    Int:  4    God:
Gold:   189        SH:  8    Dex: 11    Spells: 4/4 levels left

rFire   + . .      SeeInvis .   u - +1 flail (protect)
rCold   . . .      Faith    .   c - +0 kite shield
rNeg    . . .      Spirit   .   b - +0 robe
rPois   .          Reflect  .   (helmet restricted)
rElec   .          Harm     .   (no cloak)
rCorr   .          Rampage  .   (gloves unavailable)
Will    .....                   (boots unavailable)
Stlth   +.........              (no amulet)
HPRegen 0.97/turn               o - ring of protection from fire
MPRegen 0.09/turn               (no ring)

@: no status effects
A: large, unfitting armour, claws 3, regeneration 1, shaggy fur 1, tough skin 1
a: no special abilities


You were on level 3 of the Dungeon.
You visited 1 branch of the dungeon, and saw 3 of its levels.

You collected 189 gold pieces.

Inventory:

Hand Weapons
 n - a +1 whip of freezing
 u - a +1 flail of protection (weapon)
Missiles
 i - 6 javelins (quivered)
 j - 5 poisoned darts
Armour
 b - a +0 robe (worn)
 c - a +0 kite shield (worn)
Jewellery
 o - a ring of protection from fire (left claw)
Scrolls
 a - a scroll of enchant armour {unknown}
 g - 4 scrolls of teleportation {unknown}
 k - 2 scrolls of amnesia {unknown}
 l - a scroll of torment {unknown}
 p - 2 scrolls of identify {unknown}
 s - a scroll of noise {unknown}
Potions
 d - a potion of might
 e - 3 potions of haste {unknown}
 f - a potion of degeneration {unknown}
 h - a potion of curing {unknown}
 m - a potion of invisibility {unknown}
 q - a potion of flight {unknown}
 r - a potion of heal wounds {unknown}
 t - a potion of attraction {unknown}


   Skills:
 + Level 3.1 Fighting
 + Level 2.8 Maces & Flails
 + Level 1.3 Throwing
 + Level 3.1 Dodging
 + Level 3.5 Shields


You had 4 spell levels left.
You didn't know any spells.
Your spell library contained the following spells:

 Spells                   Type           Power      Damage    Failure   Level
 Beastly Appendage        Tmut           0%         N/A       80%         1
 Sandblast                Erth           0%         2d4       80%         1
 Passwall                 Tmut/Erth      0%         N/A       90%         2
 Wereblood                Tmut           0%         N/A       90%         2
 Spider Form              Tmut/Pois      0%         N/A       99%         3
 Stone Arrow              Conj/Erth      0%         3d7       99%         3
 Summon Guardian Golem    Hex/Summ       0%         N/A       99%         3
 Orb of Destruction       Conj           0%         9d5       100%        7
 Spellforged Servitor     Conj/Summ      0%         N/A       100%        7


Dungeon Overview and Level Annotations

Branches:
Dungeon (3/15)

Altars:
Ashenzari

Annotations:
D:3 2 transporters, Godmorgon's ghost, amateur GnWn


Innate Abilities, Weirdness & Mutations

You are too large for most types of armour.
You have claws for hands.
Your natural rate of healing is unusually fast.
You are covered in fur. (AC +1)
You have tough skin. (AC +1)


Message History

You hit the orc but do no damage. The orc closely misses you.
The orc hits you but does no damage. x2
The orc wizard hits you but does no damage.
The orc hits you but does no damage. The orc hits you with a +0 dagger.
The orc hits you but does no damage. The orc barely misses you.
You're too confused to move!
The orc wizard hits you but does no damage.
The orc closely misses you. The orc hits you but does no damage.
The orc hits you with a +0 flail. x2; The orc barely misses you.
You closely miss the orc.
The orc wizard points at you and mumbles some strange words.
You resist with some effort. The orc barely misses you. x2
The orc hits you but does no damage. The orc barely misses you. x2
The orc wizard casts a spell.
The orc wizard flickers and vanishes!
Deactivating autopickup; reactivate with Ctrl-A.
The orc hits you but does no damage. The orc barely misses you.
The orc hits you but does no damage.
You're too confused to move!
The orc hits you with a +0 flail. The orc hits you but does no damage.
The orc hits you with a +1 falchion of electrocution.
Something hits you. The orc hits you but does no damage.
The orc barely misses you.
You're too confused to move!
You feel less confused. You block the orc's attack.
The orc hits you with a +0 hand axe.
The orc hits you with a +1 falchion of electrocution.
* * * LOW HITPOINT WARNING * * *
Something hits you.
* * * LOW HITPOINT WARNING * * *
The orc hits you with a +0 flail!
* * * LOW HITPOINT WARNING * * *
You block the orc's attack.
You miss something. You block the orc's attack. The orc barely misses you.
You block the orc's attack. Something hits you.
* * * LOW HITPOINT WARNING * * *
The orc hits you but does no damage. The orc hits you with a +0 dagger.
* * * LOW HITPOINT WARNING * * *
The orc hits you with a +0 flail.
You die...

#.# #....##.######## # #.#
#######.# .. #.# #.########.# #.#
############# #.....†)....
#.###...........# ##..#.'#....
#.##..#########.# #..#...#..#
#.##.## ........# ....#...#...
#.##.# .~...~oo####.####...####
#....# ......o@{.#..#⌠.#.+...⌠#
#.#..#⌠.......oo.....#.....†...#
##.##.#$...........##.##.......##
...##.##o.~...~..#.# .#.......#.
#..##.# #..........# +..._...'.
#......# #######...# #.......#.
##.#..... ....#####.......#.
#.##..## ##.....#.........# #..
.... ....#⌠.##)##.⌠#


You could see 5 orcs.

Vanquished Creatures
  2 orc priests (D:3)
  6 adders
  2 dart slugs
  4 orcs (D:3)
  6 endoplasms
  3 giant cockroaches
  3 goblins
  5 hobgoblins
  2 jackals (D:3)
  5 kobolds
  3 quokkas
  10 ball pythons
  3 bats (D:1)
  2 frilled lizards
  3 rats
59 creatures vanquished.

Vanquished Creatures (others)
  6 plants (D:3)
6 creatures vanquished.

Grand Total: 65 creatures vanquished

Notes
Turn   | Place    | Note
-------+----------+-------------------------------------------
     0 | D:1      | RascalDebosk the Troll Fighter began the quest for the Orb.
     0 | D:1      | Reached XP level 1. HP: 22/22 MP: 0/0
   116 | D:1      | Reached XP level 2. HP: 29/29 MP: 1/1
   421 | D:1      | Found a faded altar of an unknown god.
   546 | D:2      | Reached XP level 3. HP: 19/36 MP: 2/2
   713 | D:2      | Reached XP level 4. HP: 43/44 MP: 3/3
  1277 | D:3      | Noticed Godmorgon's ghost (amateur GnWn)
  1440 | D:3      | Found a broken altar of Ashenzari.
  1452 | D:3      | Reached skill level 1 in Throwing
  1530 | D:3      | Reached XP level 5. HP: 44/53 MP: 4/4
  1554 | D:3      | Found a transporter.
  1561 | D:3      | Found a transporter.
  1654 | D:3      | HP: 1/53 [orc/+0 dagger (2)]
  1654 | D:3      | Slain by an orc

Illustrated notes

Levels and vault maps discovered:
D:1:      dpeg_arrival_rooms_b, layout_rooms,
          hellmonk_ecumenical_altar_inner_sanctum
D:2:      layout_basic
D:3:      cheibrodos_pilgrimage, layout_basic, evilmike_ruin_ashenzari,
          gammafunk_ghost_gnarly_gnolls

Skill      XL: |  1  2  3  4 |
---------------+-------------+-----
Maces & Flails | 2 |  2.8
Shields        | 3 |  3.5
Fighting       | 3 |  3.1
Dodging        | 3 |  3.1
Throwing       | 1 |  1.3

Action                   |  1- 3 |  4- 6 || total
-------------------------+-------+-------++-------
Melee: Flail             |    91 |    32 ||   123
       Whip              |     3 |    49 ||    52
Throw: Javelin           |     3 |     7 ||    10
 Stab: Sleeping          |       |     2 ||     2
Armor: Robe              |    56 |    43 ||    99
Dodge: Dodged            |    48 |    43 ||    91
Block: Kite shield       |    35 |    32 ||    67
